 Dungeon Crawl Stone Soup version 0.28-a0-563-gf77a47075d (webtiles) character file.

Game seed: 12334946405176480043

64155 kae the Severer (level 15, -3/135 HPs)
             Began as a Hill Orc Fighter on Sept 30, 2021.
             Was a High Priest of Qazlal.
             Slain by a skeletal warrior (17 damage)
             ... led by a death knight
             ... on level 13 of the Dungeon.
             The game lasted 00:16:27 (28504 turns).

kae the Severer (Hill Orc Fighter)                 Turns: 28504, Time: 00:16:28

Health: -3/135     AC: 15    Str: 26    XL:     15   Next: 12%
Magic:  0/24       EV: 12    Int:  8    God:    Qazlal [*****.]
Gold:   1613       SH: 10    Dex: 10    Spells: 14/14 levels left

rFire   . . .      SeeInvis .   g - +2 war axe (freeze)
rCold   . . .      Faith    .   c - +0 buckler
rNeg    . . .      Spirit   +   b - +1 scale mail
rPois   .          Reflect  .   (no helmet)
rElec   .          Harm     .   E - +2 cloak {Stlth+}
rCorr   .          Rampage  .   (no gloves)
Will    +....                   u - +1 pair of boots
Stlth   +.........              o - amulet of guardian spirit
HPRegen 0.32/turn               k - ring of wizardry
MPRegen 0.19/turn               v - +4 ring of slaying

@: repel missiles
A: no striking features
a: Renounce Religion, Upheaval, Elemental Force, Disaster Area


You were on level 13 of the Dungeon.
You worshipped Qazlal.
Qazlal was extremely pleased with you.
You visited 3 branches of the dungeon, and saw 20 of its levels.

You collected 1613 gold pieces.

Inventory:

Hand Weapons
 a - a +0 war axe
 g - a +2 war axe of freezing (weapon)
 R - a +1 battleaxe of draining
Missiles
 w - 3 throwing nets (quivered)
Armour
 b - a +1 scale mail (worn)
 c - a +0 buckler (worn)
 u - a +1 pair of boots (worn)
 E - a +2 cloak of stealth (worn)
Jewellery
 k - a ring of wizardry (left hand)
 n - a ring of flight
 o - an amulet of guardian spirit (around neck)
 s - a ring of magical power
 v - a +4 ring of slaying (right hand)
 A - an amulet of reflection
 B - an amulet of faith
 C - a ring of protection from fire
 H - a ring of see invisible
 M - a ring of protection from cold
 O - a ring of poison resistance
 S - a ring of protection from cold
Wands
 f - a wand of polymorph (21)
 i - a wand of digging (5)
 l - a wand of flame (47)
 x - a wand of iceblast (24)
 F - a wand of mindburst (13)
 G - a wand of charming (7)
 I - a wand of acid (16)
Scrolls
 h - 4 scrolls of enchant armour
 r - 5 scrolls of identify
 t - a scroll of holy word
 y - 3 scrolls of teleportation
 K - a scroll of fog
 N - a scroll of silence
 P - 4 scrolls of magic mapping
 Q - a scroll of fear
Potions
 d - 3 potions of ambrosia
 e - 10 potions of curing
 j - 5 potions of flight
 m - 3 potions of brilliance
 p - 3 potions of magic
 q - a potion of resistance
 z - 5 potions of mutation
 D - 4 potions of haste
 J - a potion of berserk rage
 L - 4 potions of heal wounds
 T - a potion of lignification {unknown}


   Skills:
 - Level 13.0 Fighting
 - Level 19.0 Axes
 + Level 9.0 Armour
 + Level 6.2 Dodging
 - Level 3.2 Shields
 - Level 12.3 Invocations
 - Level 13.3 Evocations


You had 14 spell levels left.
You didn't know any spells.
Your spell library contained the following spells:

 Spells                   Type           Power      Damage    Failure   Level
 Shock                    Conj/Air       0%         1d3       34%         1
 Corpse Rot               Necr/Air       N/A        N/A       47%         2
 Static Discharge         Conj/Air       0%         N/A       47%         2
 Call Canine Familiar     Summ           0%         N/A       71%         3
 Conjure Flame            Conj/Fire      0%         6-21      71%         3
 Ignite Poison            Fire/Tmut/Pois 0%         N/A       71%         3
 Inner Flame              Hex/Fire       0%         N/A       71%         3
 Mephitic Cloud           Conj/Pois/Air  0%         N/A       71%         3
 Ozocubu's Armour         Ice            0%         N/A       71%         3
 Portal Projectile        Hex/Tloc       0%         N/A       71%         3
 Swiftness                Air            0%         N/A       71%         3
 Airstrike                Air            0%         N/A       97%         4
 Cause Fear               Hex            0%         N/A       97%         4
 Dispel Undead            Necr           0%         3d6       97%         4
 Hailstorm                Conj/Ice       0%         3d3       97%         4
 Ice Form                 Ice/Tmut       0%         N/A       97%         4
 Leda's Liquefaction      Hex/Erth       0%         N/A       97%         4
 Sticky Flame             Conj/Fire      0%         2d3       97%         4
 Alistair's Intoxication  Tmut/Pois      0%         N/A       100%        5
 Blade Hands              Tmut           0%         N/A       100%        5
 Borgnjor's Vile Clutch   Necr/Erth      0%         N/A       100%        5
 Excruciating Wounds      Necr           0%         N/A       100%        5
 Freezing Cloud           Conj/Ice/Air   0%         6-21      100%        5
 Irradiate                Conj/Tmut      0%         3d13      100%        5
 Summon Forest            Summ/Tloc      0%         N/A       100%        5
 Death Channel            Necr           0%         N/A       100%        6
 Eringya's Noxious Bog    Tmut/Pois      0%         N/A       100%        6
 Simulacrum               Ice/Necr       0%         N/A       100%        6
 Dragon Form              Tmut           0%         N/A       100%        7
 Ozocubu's Refrigeration  Ice            0%         4d5       100%        7
 Summon Hydra             Summ           0%         N/A       100%        7
 Discord                  Hex            0%         N/A       100%        8


Dungeon Overview and Level Annotations

Branches:
Dungeon (14/15)            Temple (1/1) D:4            Lair (6/6) D:9
  Swamp (0/4) Lair:3       Spider (0/4) Lair:2        Slime (0/5) Lair:5
 Vaults (0/5) D:13
    Orc: D:9-12

Altars:
Ashenzari
Cheibriados
Dithmenos
Elyvilon
Fedhas
Gozag
Hepliaklqana
Kikubaaqudgha
Makhleb
Nemelex Xobeh
Okawaru
Qazlal
Ru
Sif Muna
Trog
Uskayaw
Vehumet
Wu Jian
Xom
Yredelemnul
Zin
The Shining One

Shops:
D:2 *


Message History

The wraith is heavily damaged.
The death knight is engulfed in freezing vapours.
The death knight closely misses you.
The death knight reflects your damage back at you!
You barely miss the freezing wraith.
The death knight hits you from afar with a +0 glaive.
You hit the freezing wraith.
The freezing wraith is lightly damaged.
The death knight's dark mirror aura disappears.
You hit the freezing wraith but do no damage.
The freezing wraith is lightly damaged.
The death knight hits you from afar with a +0 glaive!
The freezing wraith hits you but does no damage.
You block the freezing wraith's attack.
You hit the freezing wraith but do no damage.
The freezing wraith is lightly damaged.
You block the death knight's attack. You block the freezing wraith's attack.
The freezing wraith hits you.
You slice the freezing wraith!!
The freezing wraith is severely damaged.
The death knight hits you from afar with a +0 glaive!!
* * * LOW HITPOINT WARNING * * *
You slice the freezing wraith!!
You destroy the freezing wraith!
Qazlal accepts your kill.
You slice the wraith!!
You destroy the wraith!
Qazlal accepts your kill.
You can now call upon nature's wrath in a wide area around you.
You block the death knight's attack.
You block the skeletal warrior's attack.
Your Armour skill increases to level 9!
You block the wraith's attack. You block the death knight's attack.
The skeletal warrior hits you with a +0 trident!
* * * LOW HITPOINT WARNING * * *
You see here a +0 battleaxe.
The death knight hits you from afar with a +0 glaive!!
* * * LOW HITPOINT WARNING * * *
The skeletal warrior hits you from afar with a +0 trident!!
You die...

#.........###........#
####.#### ########.##
######.### #..'....# #.#
#..# #..####'# ..# ##.#
#..#....# ####
###'#####'#######
...#######..............).
........##....##..........
....#.#.##☼...###...).....
.......zW@.○..# #####'####
....#.#p##....# #..).)..#
........##.°..'..#...∩...#
...#######....####.......#
.. #....# ######### #
###+##


You could see a death knight, a skeletal warrior and a wraith.

Vanquished Creatures
  4 dire elephants (Lair:6)
  Azrael (D:14)
  Snorg (Lair:5)
  Harold (D:8)
  A boulder beetle (D:9)
  A centaur warrior (D:13)
  3 two-headed ogres
  8 hydras
  A catoblepas (D:14)
  7 death yaks
  A spectral anaconda (Lair:6)
  A skeletal warrior (D:13)
  An obsidian statue (Lair:6)
  2 wizards (D:13)
  5 necromancers
  A cyclops (D:13)
  A manticore (D:14)
  6 ugly things
  14 elephants
  5 black mambas
  A torpor snail (Lair:6)
  Maggie (Lair:1)
  25 cane toads
  A rime drake (Lair:6)
  A dire elephant skeleton (Lair:6)
  A freezing wraith (D:13)
  Psyche (D:9)
  8 komodo dragons
  A queen bee (shapeshifter) (D:14)
  3 trolls
  A hornet (D:8)
  A tyrant leech (Lair:3)
  2 polar bears
  7 jumping spiders (Lair:2)
  15 blink frogs
  3 slime creatures (D:8)
  3 redbacks (Lair:2)
  A wraith (D:13)
  A tarantella (shapeshifter) (D:14)
  19 yaks
  2 wyverns
  2 water elementals (D:14)
  Grum (D:9)
  6 basilisks
  A steam dragon (D:9)
  3 fire elementals (D:14)
  4 death yak simulacra (Lair:6)
  4 vampire mosquitoes (D:14)
  4 spectral cane toads (Lair:6)
  2 swamp worms (Lair:3)
  14 water moccasins
  5 hell hounds (D:14)
  3 orc warriors
  3 necrophages
  3 ogres
  A centaur (D:6)
  A phantom (D:4)
  28 wolves
  5 bullfrogs
  A wyvern zombie (D:8)
  A water moccasin skeleton (D:6)
  6 killer bees (D:10)
  7 wights
  6 howler monkeys
  3 centaur zombies
  7 jellies
  3 hounds
  A bullfrog skeleton (D:7)
  8 orc priests
  2 gnoll shamans (D:5)
  6 hell rats (Lair:6)
  5 iguanas
  14 orc wizards
  2 hound zombies (D:5)
  7 gnolls
  10 adders
  2 howler monkey skeletons (D:7)
  An ufetubus (D:5)
  An adder skeleton (D:5)
  3 worms
  3 dart slugs
  29 orcs
  4 ball pythons
  6 bats
  10 endoplasms
  2 giant cockroaches (D:2)
  5 goblins
  10 hobgoblins
  2 quokkas
  3 frilled lizards
  9 kobolds
  7 rats
439 creatures vanquished.

Vanquished Creatures (collateral kills)
  A yak (Lair:6)
1 creature vanquished.

Vanquished Creatures (others)
  37 fungi
  66 plants
  27 withered plants (Lair:6)
130 creatures vanquished.

Grand Total: 570 creatures vanquished

Notes
Turn   | Place    | Note
-------+----------+-------------------------------------------
     0 | D:1      | kae the Hill Orc Fighter began the quest for the Orb.
     0 | D:1      | Reached XP level 1. HP: 19/19 MP: 1/1
    36 | D:1      | Reached skill level 3 in Axes
    36 | D:1      | Reached XP level 2. HP: 23/27 MP: 2/2
   552 | D:1      | Reached skill level 4 in Axes
   592 | D:1      | Reached XP level 3. HP: 33/33 MP: 3/3
  1274 | D:2      | Reached XP level 4. HP: 24/41 MP: 4/4
  1455 | D:2      | Found a basalt altar of Yredelemnul.
  1475 | D:2      | Reached skill level 5 in Axes
  1559 | D:2      | Found Xyuh's General Store.
  2538 | D:3      | Reached XP level 5. HP: 47/47 MP: 5/5
  2544 | D:3      | Found a faded altar of an unknown god.
  2821 | D:3      | Found a burning altar of Makhleb.
  2821 | D:3      | Noticed an Executioner
  2824 | D:3      | Noticed a neqoxec
  2824 | D:3      | Noticed a smoke demon
  3109 | D:4      | Reached skill level 5 in Fighting
  3109 | D:4      | Reached skill level 6 in Axes
  3605 | D:4      | Found a staircase to the Ecumenical Temple.
  3642 | D:4      | Reached XP level 6. HP: 19/56 MP: 6/6
  3658 | Temple   | Entered the Ecumenical Temple
  3894 | Temple   | Became a worshipper of Qazlal Stormbringer
  3971 | D:4      | Reached skill level 7 in Axes
  4486 | D:4      | Identified a scroll of acquirement
  4486 | D:4      | Acquired a +1 war axe of venom
  4518 | D:5      | Entered Level 5 of the Dungeon
  4518 | D:5      | Noticed a necrophage
  4526 | D:5      | Killed a necrophage
  4527 | D:5      | Reached skill level 8 in Axes
  4527 | D:5      | Reached XP level 7. HP: 60/63 MP: 7/7
  4597 | D:5      | Found a bloodstained altar of Trog.
  4644 | D:5      | Reached skill level 1 in Invocations
  5117 | D:5      | Found a shimmering altar of Xom.
  5172 | D:5      | Reached skill level 9 in Axes
  5676 | D:5      | Reached * piety under Qazlal
  5749 | D:5      | Reached XP level 8. HP: 64/71 MP: 10/10
  6214 | D:6      | Reached skill level 10 in Axes
  6729 | D:7      | Reached skill level 11 in Axes
  6729 | D:7      | Reached skill level 5 in Invocations
  6998 | D:7      | Found a radiant altar of Vehumet.
  7007 | D:7      | Reached XP level 9. HP: 81/81 MP: 12/12
  7046 | D:7      | Reached ** piety under Qazlal
  7494 | D:8      | Reached skill level 12 in Axes
  7631 | D:8      | Noticed Harold
  7640 | D:8      | Killed Harold
  7762 | D:8      | Noticed a hornet
  7769 | D:8      | Killed a hornet
  7770 | D:8      | Reached skill level 13 in Axes
  7971 | D:8      | Reached XP level 10. HP: 47/91 MP: 7/15
  8752 | D:9      | Reached skill level 14 in Axes
  8801 | D:9      | Noticed Grum
  8816 | D:9      | Killed Grum
  8842 | D:9      | Reached *** piety under Qazlal
  8843 | D:9      | Reached skill level 10 in Fighting
  8892 | D:9      | Noticed Psyche
  8899 | D:9      | Killed Psyche
  9035 | D:9      | Noticed an eight-headed hydra
  9035 | D:9      | Noticed a flayed ghost
  9039 | D:9      | Noticed a six-headed hydra
  9056 | D:9      | Noticed a green ugly thing
  9103 | D:9      | Found a staircase to the Lair.
  9533 | D:10     | Entered Level 10 of the Dungeon
  9698 | D:10     | Noticed a two-headed ogre
  9704 | D:10     | Killed a two-headed ogre
  9705 | D:10     | Reached skill level 15 in Axes
  9988 | D:10     | Found a sacrificial altar of Ru.
  9989 | D:10     | Found an opulent altar of Gozag.
 10092 | D:10     | Reached XP level 11. HP: 75/101 MP: 14/18
 10632 | Lair:1   | Entered Level 1 of the Lair of Beasts
 10644 | Lair:1   | Reached skill level 16 in Axes
 10644 | Lair:1   | Reached skill level 10 in Invocations
 10719 | Lair:1   | Noticed a boulder beetle
 10901 | D:9      | Killed a boulder beetle
 11144 | Lair:1   | Noticed an eight-headed hydra
 11517 | Lair:1   | Found a hide-covered altar of Uskayaw.
 11517 | Lair:1   | Found an ornate altar of the Wu Jian Council.
 11928 | Lair:1   | Reached skill level 17 in Axes
 12290 | Lair:1   | Noticed Maggie
 12316 | Lair:1   | Killed Maggie
 12975 | Lair:2   | Reached XP level 12. HP: 112/112 MP: 20/20
 12985 | Lair:2   | Reached **** piety under Qazlal
 13008 | Lair:2   | Reached skill level 18 in Axes
 13473 | Lair:2   | Found a hole to the Spider Nest.
 14323 | Lair:3   | Noticed a six-headed hydra
 14377 | Lair:3   | Killed a six-headed hydra
 14451 | Lair:3   | Reached skill level 1 in Evocations
 14691 | Lair:3   | Reached skill level 19 in Axes
 14788 | Lair:3   | You fall into a shaft and drop 2 floors!
 14828 | Lair:5   | Noticed Snorg
 14836 | Lair:5   | Killed Snorg
 15154 | Lair:5   | Reached skill level 5 in Evocations
 15333 | Lair:5   | Found a staircase to the Slime Pits.
 15601 | Lair:5   | Reached XP level 13. HP: 76/122 MP: 19/22
 17063 | Lair:4   | Identified the +10 short sword of Arbitration {flame,
                  | Int+3}
 18292 | Lair:3   | Found a staircase to the Swamp.
 18710 | Lair:6   | Entered Level 6 of the Lair of Beasts
 18847 | Lair:6   | Reached skill level 10 in Evocations
 20294 | Lair:6   | Reached XP level 14. HP: 83/129 MP: 21/23
 20546 | Lair:6   | Noticed a dire elephant
 20546 | Lair:6   | Noticed a dire elephant
 20546 | Lair:6   | Noticed a dire elephant
 20546 | Lair:6   | Noticed a dire elephant
 21089 | Lair:6   | Killed a dire elephant
 21094 | Lair:6   | HP: 4/129 [dire elephant (6)]
 21108 | Lair:6   | HP: 6/129 [dire elephant (8)]
 21547 | Lair:6   | HP: 5/129 [14-headed hydra (8)]
 22078 | Lair:6   | Killed a dire elephant
 22406 | Lair:6   | Reached skill level 1 in Dodging
 23310 | Lair:6   | Killed a dire elephant
 23715 | Lair:6   | Reached skill level 5 in Armour
 24506 | Lair:6   | Killed a dire elephant
 25577 | D:11     | You fall into a shaft and drop 3 floors!
 26761 | D:14     | Reached skill level 5 in Dodging
 27113 | D:14     | Noticed Azrael
 27121 | D:14     | Killed Azrael
 28284 | D:13     | Reached XP level 15. HP: 135/135 MP: 24/24
 28384 | D:13     | Found a gate to the Vaults.
 28502 | D:13     | Reached ***** piety under Qazlal
 28504 | D:13     | Slain by a skeletal warrior

Illustrated notes

Levels and vault maps discovered:
D:1:      co_arrival_square_in_a_square_in_a_square, layout_basic
D:2:      layout_loops_corners, serial_shops, shop, basic_altar
D:3:      layout_loops_ring, makhleb_altar_promises_db,
          shapermc_ecumenical_altar_totnotflames, supply_closet_lemuel,
          minmay_starry_boxes
D:4:      layout_cave_pools, minmay_temple_entry_wispy, kennysheep_another_room,
          minmay_misc_feat_enclosed, solitary_fountain
D:5:      layout_basic, lemuel_round_altar, mainiacjoe_overflow_paths
D:6:      layout_rooms
D:7:      layout_basic, nicolae_vehumet_altar_sigil, grunt_ministairs_10
D:8:      layout_basic, uniq_harold
D:9:      layout_rooms, dpeg_oklobed_lair, enter_bailey_6,
          onia_ninara_dug_in_and_dangerous, uniq_psyche, uniq_grum
D:10:     layout_roguey, chequers_temple_overflow_statue_of_worship
D:11:     layout_cave_pools
D:13:     layout_roguey, david_vaults_1, serial_glass, glass_columns_b,
          glass_columns_c, glass_columns_a, glass_columns_a, glass_columns_a,
          nicolae_looking_at_the_future
D:14:     layout_basic, kennysheep_pointless_box, nicolae_straight_to_the_point,
          uniq_azrael
Temple:   nicolae_temple_x_marks_the_god
Lair:1:   layout_chaotic_city, nzn_masters_of_martial_movement, uniq_maggie
Lair:2:   layout_cave_pods, nicolae_spider_entry_tight_spaces,
          infiniplex_staircase_pool
Lair:3:   layout_chaotic_city, minmay_swamp_entry_worms,
          hangedman_lair_unloving_vines, serial_bayou_pond_c,
          chequers_serial_rivers_small_3, st_stairs_3
Lair:4:   layout_loops_ring, infiniplex_staircase_pool_2, lemuel_fruit_fields
Lair:5:   layout_regular_city, nicolae_slime_entry_slimehenge, uniq_snorg
Lair:6:   due_jungle_book, layout_regular_city, chequers_serial_rivers_small_b

Skill      XL: |  1  2  3  4  5  6  7  8  9 10 11 12 13 14 15 |
---------------+----------------------------------------------+-----
Axes           | 3 4 5 6 8 9 11 13 15 17 19 | 19.0
Fighting       | 4 5 6 7 9 10 12 13 | 13.0
Invocations    | 2 5 7 9 11 12 | 12.3
Evocations     | 6 12 13 | 13.3
Dodging        | 5 6 |  6.2
Armour         | 8 9 |  9.0
Shields        | |  3.2

Action                   |  1- 3 |  4- 6 |  7- 9 | 10-12 | 13-15 || total
-------------------------+-------+-------+-------+-------+-------++-------
Melee: War axe           |    62 |   162 |   223 |   521 |   746 ||  1714
Invok: Upheaval          |       |       |       |     5 |    12 ||    17
       Elemental Force   |       |       |       |       |     1 ||     1
Evoke: Wand              |       |       |       |       |     5 ||     5
  Use: Scroll            |     1 |     7 |     3 |    11 |     8 ||    30
       Potion            |       |       |       |     1 |     2 ||     3
 Stab: Invisible         |       |       |       |       |     1 ||     1
Armor: Scale mail        |    18 |    59 |   112 |   166 |   243 ||   598
Dodge: Dodged            |    22 |    71 |    88 |   159 |   199 ||   539
       Repelled          |       |       |       |       |     5 ||     5
Block: Buckler           |     8 |    22 |    69 |   159 |   287 ||   545

Table legend: (Time is in decaauts)
 A = Elapsed time spent in this place.
 B = Non-inter-level travel time spent in this place.
 C = Inter-level travel time spent in this place.
 D = Time resting spent in this place.
 E = Time spent auto-exploring this place.
 F = Levels seen in this place.
 G = Mean time per level.
                   A        B        C        D        E       F      G
               +--------+--------+--------+--------+--------+-----+--------+
         Total |  28242 |  27129 |   1113 |   6034 |  17964 |  20 | 1412.1 |
       Dungeon |  13995 |  13388 |    607 |   2634 |   8975 |  13 | 1076.5 |
        Temple |    244 |    237 |      7 |      0 |    230 |   1 |  244.0 |
          Lair |  14001 |  13503 |    498 |   3400 |   8758 |   6 | 2333.5 |
               +--------+--------+--------+--------+--------+-----+--------+

Top non-repeatable levels by time:
  Lair:6: 5402 daAuts
  Lair:5: 2625 daAuts
    D:14: 2540 daAuts
  Lair:2: 1753 daAuts
     D:4: 1546 daAuts
  Lair:1: 1443 daAuts
  Lair:4: 1389 daAuts
  Lair:3: 1386 daAuts
     D:9: 1372 daAuts
     D:8: 1281 daAuts
     D:5: 1220 daAuts
     D:2: 1196 daAuts
     D:1: 1074 daAuts
    D:10: 1069 daAuts
     D:3: 866 daAuts
